 Dungeon Crawl Stone Soup version 0.21.0 (webtiles) character file.

1271 bombasticus the Skirmisher (level 8, -6/50 HPs)
             Began as a Gargoyle Berserker on Jan 18, 2018.
             Was a Priest of Trog.
             Mangled by an ogre
             ... wielding a +0 giant club
              (20 damage)
             ... on level 6 of the Dungeon.
             The game lasted 00:26:44 (5432 turns).

bombasticus the Skirmisher (Gargoyle Berserker)     Turns: 5432, Time: 00:26:45

Health: -6/50      AC: 20    Str: 24    XL:     8   Next: 53%
Magic:  8/8        EV:  9    Int:  7    God:    Trog [***...]
Gold:   242        SH:  0    Dex:  9    Spells: 7/7 levels left

rFire    . . .     SeeInvis .   O - +4 quarterstaff (chaos)
rCold    + . .     Gourm    .   (shield currently unavailable)
rNeg     + . .     Faith    .   e - +0 chain mail
rPois    ∞         Spirit   .   q - +0 helmet
rElec    +         Reflect  .   P - +1 cloak {+Inv}
rCorr    .         Harm     .   (no gloves)
MR       .....                  (no boots)
Stlth    ..........             (no amulet)
HPRegen  0.16/turn              m - ring of protection from cold
MPRegen  0.11/turn              I - +2 ring of protection

@: very slow
A: negative energy resistance 1, electricity resistance, unbreathing,
petrification resistance, rot immunity, AC +5
a: Berserk, Trog's Hand, Burn Spellbooks, Renounce Religion, Evoke Invisibility


You were on level 6 of the Dungeon.
You worshipped Trog.
Trog was most pleased with you.
You were hungry.

You visited 1 branch of the dungeon, and saw 6 of its levels.
You also visited: Sewer.

You collected 242 gold pieces.

Inventory:

Hand Weapons
 r - a +4 dagger
 y - a +2 dagger of venom
 z - a +1 short sword of speed
 A - a +2 fustibalus of freezing
 B - a +0 trident
 F - a +0 quarterstaff
 K - a +0 halberd
 L - a +0 whip of electrocution
 M - a +0 mace of protection
 N - a +0 hand axe
 O - a +4 quarterstaff of chaos (weapon)
Missiles
 v - 118 stones (quivered)
Armour
 e - a +0 chain mail (worn)
 q - a +0 helmet (worn)
 P - a +1 cloak of invisibility (worn)
Jewellery
 m - a ring of protection from cold (left hand)
 E - an uncursed ring of protection from fire
 I - a +2 ring of protection (right hand)
Wands
 w - a wand of disintegration (12)
 x - a wand of digging (13)
Scrolls
 d - 7 scrolls of identify {unknown}
 f - 2 scrolls of enchant weapon {unknown}
 g - 4 scrolls of magic mapping {unknown}
 h - a scroll of random uselessness {unknown}
 l - a scroll of noise {unknown}
 n - 3 scrolls of blinking {unknown}
 o - 3 scrolls of amnesia {unknown}
 p - 2 scrolls of enchant armour {unknown}
 C - 5 scrolls of remove curse {unknown}
 D - 2 scrolls of teleportation {unknown}
 H - a scroll of brand weapon {unknown}
 J - a scroll of immolation {unknown}
Potions
 i - a potion of brilliance {unknown}
 k - 4 potions of curing {unknown}
 s - 2 potions of flight {unknown}
 t - 4 potions of might {unknown}
 G - a potion of degeneration {unknown}
Comestibles
 c - 8 rations


   Skills:
 + Level 5.5 Fighting
 + Level 3.2(4.2) Short Blades
   Level 3.9(4.5) Long Blades
 + Level 0.3 Staves
 + Level 5.4 Slings
 + Level 4.5 Armour
 + Level 2.4 Dodging
 + Level 0.4 Stealth


You had 7 spell levels left.
You didn't know any spells.

Dungeon Overview and Level Annotations

Branches:
Dungeon (6/15)             Temple (0/1) D:4

Altars:
Ashenzari
Okawaru
Ru
Yredelemnul

Shops:
D:5 =


Innate Abilities, Weirdness & Mutations

You are resistant to torment.
Your stone body is resilient. (AC +5)
You are immune to poison.
You resist negative energy. (rN+)
You are resistant to electric shocks. (rElec)
You can survive without breathing.
You are immune to petrification.
You are immune to rotting.


Message History

The ogre hits you but does no damage.
Your unstable footing causes you to fumble your attack.
The hound bites the plant but does no damage.
The hound bites the plant.
The ogre barely misses you.
Your unstable footing causes you to fumble your attack.
The hound bites the plant but does no damage. x2
The ogre hits you with a giant club.
Your unstable footing causes you to fumble your attack.
The hound bites the plant but does no damage. x2
The ogre hits you with a giant club!
Your unstable footing causes you to fumble your attack.
The hound bites the plant.
The hound bites the plant but does no damage.
The ogre hits you with a giant club!
* * * LOW HITPOINT WARNING * * *
Your unstable footing causes you to fumble your attack.
The hound splashes around in the water.
The hound bites the plant but does no damage.
The ogre hits you with a giant club!!
You die...

.# .# ≈P≈≈♣...# .#
#.♣♣≈≈≈≈.... .#
#.♣≈≈≈≈≈...# .#
#.♣≈≈≈≈≈...♣ .####
#.≈≈≈≈≈≈...≈ ....##
##≈h≈≈≈≈≈.$≈≈ .###.####
#≈P≈≈OP≈≈...≈
.......>####♣PP≈@P≈...≈≈
...##.#.....♣≈≈≈≈≈≈...≈≈
##.##.#.....♣≈P≈P≈≈...≈P
.....##.####♣≈≈≈≈≈≈≈..P≈
#...###.# ♣≈†≈≈P≈[..P≈
##..# #<# ##♣♣≈≈P≈...P≈
#..# #.# ##...#♣≈≈..≈≈♣
#..# #.# #.....#P≈..P♣♣
##..# #.###.#.#.##...PP


You could see an ogre and a hound.

Vanquished Creatures
  A sky beast (D:5)
  3 ice beasts
  A phantom (D:5)
  2 ogres (D:5)
  2 bullfrogs (Sewer)
  An electric eel (D:6)
  A crimson imp (D:5)
  An orc priest (D:3)
  A bullfrog skeleton (D:4)
  Crazy Yiuf (D:5)
  A hound (D:5)
  Ijyb (D:3)
  4 worker ants
  4 gnolls (D:5)
  9 adders
  A shadow imp (D:5)
  An adder skeleton (D:6)
  A worm (D:3)
  4 dart slugs
  7 leopard geckos
  3 orcs
  7 giant cockroaches
  6 goblins
  6 hobgoblins
  5 jackals
  7 kobolds
  A quokka (D:2)
  3 ball pythons
  6 bats
  6 frilled lizards
  A leopard gecko zombie (D:6)
  A quokka skeleton (D:6)
  A quokka zombie (D:5)
  4 rats
104 creatures vanquished.

Vanquished Creatures (others)
  4 toadstools (D:1)
4 creatures vanquished.

Grand Total: 108 creatures vanquished

Notes
Turn   | Place    | Note
-------+----------+-------------------------------------------
     0 | D:1      | bombasticus the Gargoyle Berserker began the quest for the Orb.
     0 | D:1      | Reached XP level 1. HP: 14/14 MP: 1/1
   107 | D:1      | Reached XP level 2. HP: 16/19 MP: 2/2
   496 | D:1      | Reached XP level 3. HP: 24/24 MP: 3/3
  1178 | D:2      | Reached ** piety under Trog
  1360 | D:2      | Reached XP level 4. HP: 22/30 MP: 4/4
  1925 | D:3      | Reached XP level 5. HP: 32/34 MP: 5/5
  2127 | D:3      | Noticed Ijyb
  2144 | D:3      | Killed Ijyb
  2296 | D:3      | Found a glowing drain.
  2300 | Sewer    | Entered a sewer
  2308 | Sewer    | Reached skill level 1 in Short Blades
  2463 | Sewer    | Reached XP level 6. HP: 36/39 MP: 6/6
  3343 | D:3      | Reached *** piety under Trog
  3660 | D:4      | Found a staircase to the Ecumenical Temple.
  3679 | D:4      | Found a shattered altar of Ashenzari.
  3827 | D:4      | Noticed an ice beast
  3839 | D:4      | Killed an ice beast
  3839 | D:4      | Reached skill level 1 in Slings
  3839 | D:4      | Reached XP level 7. HP: 44/44 MP: 7/7
  3928 | D:4      | Found an iron altar of Okawaru.
  4221 | D:4      | Found a sacrificial altar of Ru.
  4280 | D:5      | Entered Level 5 of the Dungeon
  4301 | D:5      | Found Oxikliuk's Jewellery Shop.
  4427 | D:5      | Reached skill level 5 in Fighting
  4522 | D:5      | Reached XP level 8. HP: 38/49 MP: 8/8
  4526 | D:5      | Found a basalt altar of Yredelemnul.
  4811 | D:5      | Reached skill level 5 in Slings
  5244 | D:5      | Found a runed door.
  5252 | D:5      | Noticed Crazy Yiuf
  5260 | D:5      | Killed Crazy Yiuf
  5432 | D:6      | Mangled by an ogre

Skill      XL: |  1  2  3  4  5  6  7  8 |
---------------+-------------------------+-----
Long Blades    | 3 |  3.9
Fighting       | 4 5 |  5.5
Armour         | 3 4 |  4.5
Dodging        | 2 |  2.4
Short Blades   | 1 2 3 |  3.2
Slings         | 1 3 5 |  5.4
Staves         | |  0.3
Stealth        | |  0.4

Action                   |  1- 3 |  4- 6 |  7- 9 || total
-------------------------+-------+-------+-------++-------
Melee: Falchion          |    94 |       |       ||    94
       Dagger            |    14 |   222 |    23 ||   259
       Fustibalus        |       |     1 |       ||     1
       Quarterstaff      |       |       |    31 ||    31
 Fire: Fustibalus        |       |    39 |    98 ||   137
 Stab: Invisible         |       |       |     1 ||     1
  Eat: Chunk             |     2 |     7 |     2 ||    11
       Ration            |       |       |     1 ||     1
Armor: Chain mail        |    75 |   200 |    51 ||   326
       Animal skin       |     3 |       |       ||     3
Dodge: Dodged            |    51 |   137 |    39 ||   227
       Rpst.: Falchion   |    15 |       |       ||    15
